 Dungeon Crawl Stone Soup version 0.28.0-53-g5a82cb258f (webtiles) character file.

Game seed: 15493831969302257876

44836 raph the Impaler (level 14, -1/108 HPs)
             Began as a Merfolk Gladiator on May 31, 2022.
             Was the Champion of Zin.
             Slain by a two-headed ogre
             ... wielding a +0 giant club
              (6 damage)
             ... on level 2 of the Orcish Mines.
             The game lasted 00:32:26 (20843 turns).

raph the Impaler (Merfolk Gladiator)               Turns: 20843, Time: 00:32:26

Health: -1/108     AC: 16    Str: 18    XL:     14   Next: 30%
Magic:  0/21       EV: 22    Int: 20    God:    Zin [******]
Gold:   1216       SH:  0    Dex: 29    Spells: 17/23 levels left

rFire   + + +      SeeInvis +   a - +9 glaive of the Imperium {venom, rElec Int+4}
rCold   + . .      Faith    .   (shield currently unavailable)
rNeg    + + .      Spirit   +   E - +0 swamp dragon scales
rPois   ∞          Reflect  .   j - +0 helmet of Hedonism {rN+}
rElec   +          Harm     .   C - +1 cloak
rCorr   .          Rampage  +   l - +0 pair of gloves
Will    +++..                   X - +1 pair of boots {rampage}
Stlth   ++++......              K - amulet of guardian spirit
HPRegen 0.28/turn               q - ring "Hiecvin" {rF++ Will+ Int+6 Dex+6}
MPRegen 0.17/turn               i - ring "Qosegos" {rF+ rC+ rN+ Will+ SInv Stlth-}

@: vitalised
A: (nimble swimmer 2), mertail
a: Renounce Religion, Recite, Vitalisation, Imprison, Sanctuary, Donate Gold


You were on level 2 of the Orcish Mines.
You worshipped Zin.
Zin was exalted by your worship.
You visited 4 branches of the dungeon, and saw 19 of its levels.
You also visited: Ossuary.

You collected 1463 gold pieces.
You donated 247 gold pieces to Zin.

Inventory:

Hand Weapons
 a - the +9 glaive of the Imperium (weapon) {venom, rElec Int+4}
   (You found it on level 4 of the Dungeon)

   It poisons the flesh of those it strikes.
   Int:       It affects your intelligence (+4).
   rElec:     It insulates you from electricity.
 b - a +0 trident
 m - a +3 halberd
 v - a +0 halberd of venom
Missiles
 d - 5 throwing nets
 g - 12 boomerangs (quivered)
 k - 27 poisoned darts
 w - 3 silver javelins
 B - 3 curare-tipped darts
Armour
 j - the +0 helmet of Hedonism (worn) {rN+}
   (You found it on level 2 of the Dungeon)

   rN:        It protects you from negative energy.
 l - a +0 pair of gloves (worn)
 C - a +1 cloak (worn)
 E - +0 swamp dragon scales (worn)
 G - a scarf of resistance
 X - a +1 pair of boots of rampaging (worn)
Jewellery
 i - the ring "Qosegos" (right hand) {rF+ rC+ rN+ Will+ SInv Stlth-}
   (You acquired it on level 2 of the Lair of Beasts)

   [ring of protection from fire]

   rF:        It protects you from fire.
   rC:        It protects you from cold.
   rN:        It protects you from negative energy.
   SInv:      It lets you see invisible.
   Will:      It increases your willpower.
   Stlth:     It makes you less stealthy.
 n - a ring of magical power
 q - the ring "Hiecvin" (left hand) {rF++ Will+ Int+6 Dex+6}
   (You found it on level 8 of the Dungeon)

   [ring of dexterity]

   Int:       It affects your intelligence (+6).
   Dex:       It affects your dexterity (+6).
   rF:        It greatly protects you from fire.
   Will:      It increases your willpower.
 r - a ring of ice
 t - a +4 ring of evasion
 u - a ring of fire
 x - a +6 ring of strength
 K - an amulet of guardian spirit (around neck)
 Q - a +6 ring of dexterity
 T - a ring of protection from fire
 V - a +4 ring of protection
Wands
 h - a wand of flame (52)
 D - a wand of acid (3)
 H - a wand of digging (8)
 I - a wand of charming (7)
 L - a wand of iceblast (10)
 M - a wand of paralysis (6)
Scrolls
 f - 6 scrolls of amnesia
 y - 2 scrolls of teleportation
 z - 6 scrolls of fog
 F - a scroll of fear
 N - a scroll of magic mapping
 O - a scroll of holy word
 R - 4 scrolls of blinking
 S - 5 scrolls of identify
Potions
 c - a potion of ambrosia
 e - 8 potions of curing
 o - 5 potions of magic
 p - a potion of cancellation
 s - 2 potions of attraction
 A - a potion of resistance
 J - 2 potions of brilliance
 P - 3 potions of heal wounds
 U - a potion of invisibility
 W - a potion of haste {unknown}
Miscellaneous
 Y - a lightning rod (4/4)


   Skills:
 + Level 9.1 Fighting
 * Level 18.2 Polearms
 + Level 8.4 Throwing
 + Level 6.2 Armour
 + Level 11.2 Dodging
 + Level 9.8 Stealth
 - Level 5.3 Spellcasting
 - Level 3.7 Summonings
 - Level 2.3 Translocations
 * Level 7.5 Invocations
 + Level 3.7 Evocations


You had 17 spell levels left.
You knew the following spells:

 Your Spells              Type           Power      Damage    Failure   Level
a - Blink                 Tloc           28%        N/A       11%         2
b - Summon Small Mammal   Summ           80%        N/A       4%          1
c - Call Canine Familiar  Summ           20%        N/A       12%         3

Your spell library contained the following spells:

 Spells                   Type           Power      Damage    Failure   Level
 Magic Dart               Conj           20%        1d4       19%         1
 Gell's Gravitas          Tloc           14%        N/A       22%         3
 Lesser Beckoning         Tloc           14%        N/A       22%         3
 Teleport Other           Tloc           14%        N/A       22%         3
 Summon Guardian Golem    Hex/Summ       12%        N/A       26%         3
 Corpse Rot               Necr/Air       10%        N/A       28%         2
 Searing Ray              Conj           10%        2d4       28%         2
 Dazzling Flash           Conj/Hex       10%        N/A       50%         3
 Ignite Poison            Fire/Tmut/Pois 5%         N/A       50%         3
 Mephitic Cloud           Conj/Pois/Air  5%         N/A       50%         3
 Summon Lightning Spire   Summ/Air       12%        N/A       65%         4
 Animate Dead             Necr           2%         N/A       88%         4
 Dispel Undead            Necr           5%         3d7       88%         4
 Fulminant Prism          Conj/Hex       2%         3d6       88%         4
 Manifold Assault         Tloc           14%        N/A       90%         5
 Agony                    Necr           5%         N/A       99%         5
 Borgnjor's Vile Clutch   Necr/Erth      2%         N/A       99%         5
 Freezing Cloud           Conj/Ice/Air   2%         6-21      99%         5
 Silence                  Hex/Air        2%         N/A       99%         5
 Death Channel            Necr           2%         N/A       100%        6
 Dispersal                Tloc           7%         N/A       100%        6
 Storm Form               Tmut/Air       2%         N/A       100%        7
 Maxwell's Capacitive Co  Air            2%         ∞         100%        8


Dungeon Overview and Level Annotations

Branches:
Dungeon (10/15)            Temple (1/1) D:6            Lair (6/6) D:9
  Swamp (0/4) Lair:2       Spider (0/4) Lair:4          Orc (2/2) D:10
Ossuary (visited)
  Slime: Lair:5-6       Elf: Orc:2

Altars:
Ashenzari
Cheibriados
Dithmenos
Elyvilon
Fedhas
Gozag
Hepliaklqana
Kikubaaqudgha
Makhleb
Nemelex Xobeh
Okawaru
Qazlal
Ru
Sif Muna
Trog
Uskayaw
Vehumet
Wu Jian
Xom
Yredelemnul
Zin
The Shining One

Shops:
D:4 =   Orc:2 *

Annotations:
D:4 3 runed translucent doors, arakdai's ghost, novice DsGl
Lair:1 exclusion: ice dragon


Innate Abilities, Weirdness & Mutations

((You are very nimble when in or above water. (Stealth+, EV+, Speed+++)))
Your lower body shifts to a powerful aquatic tail in water.


Message History

The ogre mage hits you from afar with a +0 halberd.
You slash the ogre!
The ogre looks as sick as possible!
The ogre is almost dead.
The ogre seems less confused.
The ogre misses you. The deep troll misses you.
The deep troll closely misses you.
The deep troll claws you but does no damage.
The ogre mage closely misses you.
You kill the ogre!
The troll barely misses you. The troll completely misses you. x2
The ogre mage casts a spell at the ogre.
The ogre seems to speed up.
As you read the scroll of teleportation, it crumbles to dust.
You feel strangely unstable. The two-headed ogre closely misses you.
The two-headed ogre completely misses you.
Your surroundings suddenly seem different. 2 two-headed ogres come into view.
A two-headed ogre is wielding the +10 dark maul {vorpal} and a +2 vorpal dire flail.
The two-headed ogre shouts in stereo! x2; You hear a shout!
You rampage towards the two-headed ogre!
A cyclops comes into view.
You slash the two-headed ogre!
The two-headed ogre is poisoned.
The two-headed ogre is moderately wounded.
You barely miss the two-headed ogre.
The two-headed ogre is moderately wounded.
The two-headed ogre hits you with a +0 giant club!
The two-headed ogre hits you but does no damage.
You slash the two-headed ogre!
The two-headed ogre looks as sick as possible!
The two-headed ogre is heavily wounded.
The two-headed ogre hits you with the +10 dark maul {vorpal}!!!
* * * LOW HITPOINT WARNING * * *
x2 The two-headed ogre misses you.
The two-headed ogre hits you with a +0 giant club.
* * * LOW HITPOINT WARNING * * *
The two-headed ogre hits you with a +0 giant club!
* * * LOW HITPOINT WARNING * * *
You are ready to recite again.
Found 23 gold pieces.
The two-headed ogre hits you with a +0 giant club!
You die...

............## ###
#########++#....#...#
.............# #....#...##
#.........#..# #...##....#
#.........#..# #...#....##
#...#.#...#..# #..###.###
#.....C...#$.# #..# ###
#...#.#...#..# #..#
#.........#@.# #..#
#.........#O.+ #..###
.............+ #....#
++####################..######
............### #.........#..#
..............###...........####
...............##..............#
...............##..............#
..............................###


You could see a two-headed ogre (very poisoned).

Vanquished Creatures
  A boulder beetle (D:8)
  8 hydras
  An ogre mage (D:10)
  4 two-headed ogres
  The ghost of jacek the Black Sun, a novice DDCA of Kikubaaqudgha (D:10)
  3 death yaks (Lair:5)
  An orc high priest (Orc:2)
  2 swamp dragons
  An orb spider (Lair:4)
  A will-o-the-wisp (Lair:4)
  A cyclops (Orc:2)
  3 black mambas
  Maggie (D:7)
  11 cane toads
  Psyche (D:8)
  A rime drake (Lair:1)
  8 komodo dragons
  3 trolls (Orc:2)
  13 blink frogs
  13 dream sheep
  3 shadows
  9 wyverns
  14 yaks
  2 basilisks (Lair:5)
  2 steam dragons
  3 vampire mosquitoes
  2 wargs
  21 water moccasins
  9 orc warriors
  A sky beast (D:7)
  2 black bears
  2 ice beasts
  2 necrophages (D:5)
  19 ogres
  43 wolves
  5 centaurs
  3 phantoms
  5 kobold brigands
  11 bullfrogs
  A scorpion (D:4)
  5 water moccasin zombies (Ossuary)
  A water moccasin skeleton (D:5)
  A troll zombie (D:10)
  12 killer bees
  4 wights (D:8)
  3 howler monkeys (D:7)
  5 centaur zombies
  A bullfrog zombie (D:7)
  2 jellies
  4 centaur skeletons
  8 orc priests
  2 bullfrog skeletons
  Jessica (D:2)
  Terence (D:3)
  3 iguanas
  13 orc wizards
  11 hell rats
  5 ogre zombies (D:10)
  A hound skeleton (D:4)
  3 mummies
  2 howler monkey zombies
  6 adders
  11 gnolls
  A howler monkey skeleton (D:7)
  An ufetubus (D:4)
  2 adder zombies (Ossuary)
  2 dart slugs
  2 worms (D:2)
  27 orcs
  6 bats
  6 endoplasms
  5 giant cockroaches
  4 gnoll zombies (Ossuary)
  3 goblins
  2 hobgoblins (D:1)
  11 jackals
  3 quokkas (D:2)
  6 ball pythons
  3 frilled lizards
  3 goblin zombies (D:10)
  A hobgoblin skeleton (D:10)
  4 hobgoblin zombies
  26 kobolds
  3 kobold zombies (Ossuary)
  2 orc skeletons (D:10)
  17 orc zombies
  3 rats (D:1)
485 creatures vanquished.

Vanquished Creatures (others)
  An orc wizard (Orc:2)
  38 fungi
  43 plants
82 creatures vanquished.

Grand Total: 567 creatures vanquished

Notes
Turn   | Place    | Note
-------+----------+-------------------------------------------
     0 | D:1      | raph the Merfolk Gladiator began the quest for the Orb.
     0 | D:1      | Reached XP level 1. HP: 16/16 MP: 1/1
   104 | D:1      | Reached skill level 5 in Polearms
   224 | D:1      | Reached XP level 2. HP: 22/22 MP: 2/2
   895 | D:2      | Found a faded altar of an unknown god.
  1247 | D:2      | Reached skill level 6 in Polearms
  1247 | D:2      | Reached XP level 3. HP: 16/27 MP: 3/3
  1443 | D:2      | Identified the +0 helmet of Hedonism {rN+}
  1987 | D:2      | You fall into a shaft and drop 2 floors!
  2082 | D:4      | Identified the +9 glaive of the Imperium {venom, rElec
                  | Int+4}
  2110 | D:4      | Found a sand-covered staircase.
  2114 | D:4      | Reached skill level 7 in Polearms
  2114 | D:4      | Reached XP level 4. HP: 33/33 MP: 4/4
  2118 | Ossuary  | Entered an ossuary
  2266 | Ossuary  | Reached skill level 8 in Polearms
  2266 | Ossuary  | Reached XP level 5. HP: 30/38 MP: 5/5
  2357 | Ossuary  | Reached skill level 9 in Polearms
  2515 | Ossuary  | Reached XP level 6. HP: 34/44 MP: 6/6
  2602 | Ossuary  | Reached skill level 10 in Polearms
  2707 | D:4      | Found a runed translucent gate.
  2708 | D:4      | Found a runed translucent gate.
  2709 | D:4      | Found a runed translucent gate.
  2948 | D:2      | Noticed Jessica
  2950 | D:2      | Killed Jessica
  3111 | D:3      | Noticed Terence
  3117 | D:3      | Killed Terence
  3118 | D:3      | Reached skill level 11 in Polearms
  3118 | D:3      | Reached XP level 7. HP: 50/50 MP: 7/7
  4058 | D:4      | Found Piotidey's Jewellery Boutique.
  4073 | D:4      | Found a stormy altar of Qazlal.
  4206 | D:4      | Noticed arakdai's ghost (novice DsGl)
  4550 | D:4      | Reached skill level 12 in Polearms
  4838 | D:5      | Entered Level 5 of the Dungeon
  4991 | D:5      | Reached skill level 13 in Polearms
  4991 | D:5      | Reached XP level 8. HP: 56/56 MP: 8/8
  5106 | D:5      | Learned a level 2 spell: Blink
  5224 | D:5      | Reached skill level 14 in Polearms
  5403 | D:5      | Reached skill level 1 in Stealth
  5606 | D:5      | Reached skill level 1 in Armour
  5851 | D:6      | Found a staircase to the Ecumenical Temple.
  5877 | Temple   | Entered the Ecumenical Temple
  6212 | Temple   | Became a worshipper of Zin the Law-Giver
  6212 | Temple   | Reached * piety under Zin
  6233 | D:6      | Donated 101 gold pieces to Zin
  6241 | D:6      | Reached skill level 5 in Dodging
  6430 | D:6      | Reached XP level 9. HP: 64/64 MP: 9/9
  6531 | D:6      | Reached ** piety under Zin
  7325 | D:7      | Noticed Maggie
  7333 | D:7      | Killed Maggie
  7353 | D:7      | Reached skill level 5 in Fighting
  7560 | D:7      | Noticed a two-headed ogre
  7565 | D:7      | Killed a two-headed ogre
  7566 | D:7      | Reached skill level 5 in Throwing
  7566 | D:7      | Reached skill level 5 in Stealth
  7566 | D:7      | Reached XP level 10. HP: 74/74 MP: 10/10
  7673 | D:7      | Learned a level 1 spell: Summon Small Mammal
  7675 | D:7      | Noticed a two-headed ogre
  7679 | D:7      | Killed a two-headed ogre
  7680 | D:7      | Reached skill level 1 in Invocations
  7755 | D:7      | Identified the +0 ring mail of Ashenzari's Favour {rPois
                  | rF- Str+2}
  7763 | D:7      | Reached skill level 1 in Summonings
  7944 | D:7      | Reached skill level 1 in Spellcasting
  8347 | D:8      | Identified the ring "Hiecvin" {rF++ Will+ Int+6 Dex+6}
  8358 | D:8      | Reached *** piety under Zin
  8371 | D:8      | Noticed Psyche
  8378 | D:8      | Killed Psyche
  8506 | D:8      | Noticed a boulder beetle
  8516 | D:8      | Killed a boulder beetle
  9222 | D:9      | Found a staircase to the Lair.
  9240 | D:9      | Reached XP level 11. HP: 79/83 MP: 10/14
  9821 | D:9      | Noticed a two-headed ogre
  9830 | D:9      | Killed a two-headed ogre
 10213 | D:9      | Reached **** piety under Zin
 10442 | Lair:1   | Entered Level 1 of the Lair of Beasts
 10485 | Lair:1   | Reached skill level 15 in Polearms
 10735 | Lair:1   | Noticed an ice dragon
 11469 | Lair:1   | Noticed a seven-headed hydra
 11530 | Lair:1   | Killed a seven-headed hydra
 11988 | Lair:2   | Reached XP level 12. HP: 83/91 MP: 15/17
 12101 | Lair:2   | Identified a scroll of acquirement
 12101 | Lair:2   | Acquired the ring "Qosegos" {rF+ rC+ rN+ Will+ SInv Stlth-}
 12379 | Lair:2   | Found a staircase to the Swamp.
 12489 | Lair:2   | Reached skill level 1 in Translocations
 12697 | Lair:2   | Reached skill level 16 in Polearms
 12697 | Lair:2   | Reached skill level 5 in Armour
 12916 | Lair:3   | Learned a level 3 spell: Call Canine Familiar
 12921 | Lair:3   | Identified the +1 short sword of Kubrul {antimagic, rElec
                  | Will+ Int-4}
 12976 | Lair:3   | Noticed a four-headed hydra
 12993 | Lair:3   | Killed a four-headed hydra
 13379 | Lair:3   | Reached skill level 5 in Invocations
 13706 | Lair:3   | Noticed a five-headed hydra
 13725 | Lair:3   | Killed a five-headed hydra
 13927 | Lair:3   | Noticed a six-headed hydra
 13944 | Lair:3   | Killed a six-headed hydra
 13945 | Lair:3   | Reached skill level 10 in Dodging
 14504 | Lair:4   | Reached XP level 13. HP: 85/98 MP: 16/19
 15073 | Lair:4   | Reached skill level 1 in Evocations
 15184 | Lair:4   | Found a hole to the Spider Nest.
 15431 | Lair:4   | Reached ***** piety under Zin
 15578 | Lair:4   | Reached skill level 17 in Polearms
 16364 | Lair:4   | Reached skill level 5 in Spellcasting
 17963 | Lair:5   | Identified the +4 ring mail of the Bouncing Hosts {rN++
                  | rCorr}
 18665 | Lair:6   | Entered Level 6 of the Lair of Beasts
 18799 | D:10     | Entered Level 10 of the Dungeon
 18869 | D:10     | Reached XP level 14. HP: 81/106 MP: 17/21
 18981 | D:10     | Found a runed translucent door.
 18983 | D:10     | Noticed jacek's ghost (novice DDCA)
 19237 | D:10     | Found a staircase to the Orcish Mines.
 19487 | D:10     | Killed jacek's ghost
 19488 | D:10     | Reached skill level 18 in Polearms
 19532 | Orc:1    | Entered Level 1 of the Orcish Mines
 19837 | Orc:1    | Reached ****** piety under Zin
 19950 | Orc:2    | Entered Level 2 of the Orcish Mines
 20406 | Orc:2    | Found Marerim's Mass Market.
 20838 | Orc:2    | HP: 4/108 [two-headed ogre/+0 giant club (13)]
 20843 | Orc:2    | Slain by a two-headed ogre

Illustrated notes

Levels and vault maps discovered:
D:1:      erik_arrival_triangle_large, layout_basic
D:2:      minmay_alternating_diamond, layout_basic,
          nicolae_ecumenical_oubliette, minmay_crystal_water,
          minmay_misc_feat_pillars, grunt_ministairs_11, uniq_jessica
D:3:      wad_pebble_path, layout_basic, uniq_terence
D:4:      layout_basic, nicolae_qazlal_general_emergency,
          gup_ossuary_entry_pyramid, gammafunk_ghost_icy, serial_shops, shop,
          hangedman_decor_push, kennysheep_another_room
D:5:      layout_basic
D:6:      layout_gridville, minmay_temple_entry_butterflies
D:7:      minmay_bubble_buster, layout_loops_ring, hex_medium, uniq_maggie
D:8:      layout_loops_cross, uniq_psyche
D:9:      layout_small_grid, minmay_lair_entry_grove
D:10:     layout_big_octagon, zombieorc1_lemuel, ebering_ghost_inner_flame
Temple:   mainiacjoe_temple_circle_huts
Lair:1:   dragon1_lemuel, layout_regular_city
Lair:2:   layout_hall_layers, minmay_swamp_entry_reptiles, lemuel_old_faithful,
          grunt_megastairs_1, infiniplex_staircase_pool, serial_bayou_shore_b
Lair:3:   layout_regular_city, beast_lair_carwin_7
Lair:4:   layout_loops_ring, nicolae_spider_entry_orb_guardian, pond
Lair:5:   layout_regular_city, nicolae_quartered_pool_super
Lair:6:   evil_forest, layout_regular_city, dpeg_slime_entry_enclosed_altar,
          wad_woods_03, uniq_urug
Orc:1:    layout_diamond_mine
Orc:2:    st_orc_open, layout_diamond_mine, minmay_shop_mass,
          hellmonk_guarded_unrand_dark_maul

Skill      XL: |  1  2  3  4  5  6  7  8  9 10 11 12 13 14 |
---------------+-------------------------------------------+-----
Polearms       | 5 6 7 8 9 11 13 14 15 16 17 18 | 18.2
Stealth        | 2 5 6 7 8 9 |  9.8
Armour         | 1 3 4 5 6 |  6.2
Fighting       | 3 5 6 7 8 9 |  9.1
Throwing       | 3 5 6 7 8 |  8.4
Dodging        | 5 7 8 9 10 11 | 11.2
Invocations    | 2 4 5 6 7 |  7.5
Summonings     | 2 3 |  3.7
Spellcasting   | 2 3 4 5 |  5.3
Translocations | 2 |  2.3
Evocations     | 3 |  3.7

Action                   |  1- 3 |  4- 6 |  7- 9 | 10-12 | 13-15 || total
-------------------------+-------+-------+-------+-------+-------++-------
Melee: Trident           |   119 |       |       |    30 |    61 ||   210
       Punch             |     3 |       |       |       |     3 ||     6
       Glaive            |     3 |    84 |   190 |   430 |   452 ||  1159
       Tailslap          |       |       |       |     1 |     2 ||     3
Throw: Boomerang         |       |       |     4 |     9 |    19 ||    32
       Dart              |       |       |     3 |     1 |       ||     4
       Javelin           |       |       |       |     9 |     4 ||    13
 Cast: Blink             |       |       |       |       |     1 ||     1
Invok: Donate Gold       |       |       |     1 |       |       ||     1
       Recite            |       |       |     2 |       |     2 ||     4
       Vitalisation      |       |       |       |     3 |     2 ||     5
Evoke: Wand              |       |       |       |     3 |       ||     3
  Use: Scroll            |     1 |     7 |     5 |    14 |     3 ||    30
       Potion            |       |       |       |     1 |       ||     1
 Stab: Sleeping          |       |       |     4 |     9 |    15 ||    28
       Confused          |       |       |     3 |       |     1 ||     4
       Distracted        |       |       |       |     5 |     5 ||    10
Armor: Leather armour    |    15 |       |       |       |       ||    15
       Ring mail         |    18 |    22 |    22 |       |       ||    62
       Swamp dragon scal |       |       |       |   101 |   142 ||   243
Dodge: Dodged            |    81 |    41 |   121 |   497 |   410 ||  1150
